TOP OF THE 1ST |
California Oceanliners batting - Pitching for Grafton Middies : RHP Lúcio Sánchez
|
Pitching: RHP Lúcio Sánchez
|
|
Batting: LHB Frank Wentworth
|
0-0: SINGLE (Groundball, 13) (infield hit)
|
Batting: RHB Takeru Sanu
|
0-0: Grounds into double play, 6-4-3 (Groundball, 6M)
|
Batting: RHB John Downing
|
0-0: Swinging Strike 0-1: Swinging Strike 0-2: Strikes out swinging
|
Top of the 1st over - 0 run(s), 1 hit(s), 0 error(s), 0 left on base; California 0 - Grafton 0 |
BOTTOM OF THE 1ST |
Grafton Middies batting - Pitching for California Oceanliners : LHP Alec Pittman
|
Pitching: LHP Alec Pittman
|
|
Batting: RHB Raúl Robles
|
0-0: Called Strike 0-1: Foul Ball, location: 2F 0-2: Fly out, F9 (Flyball, 9D)
|
Batting: LHB Min-heui Im
|
0-0: Called Strike 0-1: Ball 1-1: Fly out, F8 (Flyball, 8RXD)
|
Batting: LHB Tony Dyer
|
0-0: Called Strike 0-1: Ball 1-1: Swinging Strike 1-2: SINGLE (Groundball, 23) (infield hit)
|
Batting: RHB Iván Vargas
|
0-0: Foul Ball, location: 2F 0-1: Ball 1-1: Called Strike 1-2: Strikes out swinging
|
Bottom of the 1st over - 0 run(s), 1 hit(s), 0 error(s), 1 left on base; California 0 - Grafton 0 |
TOP OF THE 2ND |
California Oceanliners batting - Pitching for Grafton Middies : RHP Lúcio Sánchez
|
Batting: LHB Mike Silver
|
0-0: Fly out, F5 (Popup, 6)
|
Batting: LHB Tim Hargrove
|
0-0: Ball 1-0: Ball 2-0: Called Strike 2-1: Ground out 5-3 (Groundball, 56)
|
Batting: RHB Dave King
|
0-0: Ball 1-0: Ball 2-0: Ball 3-0: Base on Balls
|
Batting: LHB Nick Leonard
|
0-0: Called Strike 0-1: Ball 1-1: Ground out U3 (Groundball, 3L)
|
Top of the 2nd over - 0 run(s), 0 hit(s), 0 error(s), 1 left on base; California 0 - Grafton 0 |
BOTTOM OF THE 2ND |
Grafton Middies batting - Pitching for California Oceanliners : LHP Alec Pittman
|
Batting: RHB Curt Phillips
|
0-0: Ball 1-0: Fly out, F9 (Flyball, 9D)
|
Batting: RHB Nam-sup Yi
|
0-0: SINGLE (Line Drive, 56)
|
Batting: RHB Brent Barlow
|
0-0: Ball 1-0: Foul Ball, location: 2F 1-1: Ball 2-1: Foul Ball, location: 2F 2-2: Ball 3-2: Grounds into double play, 6-4-3 (Groundball, 6)
|
Bottom of the 2nd over - 0 run(s), 1 hit(s), 0 error(s), 0 left on base; California 0 - Grafton 0 |
TOP OF THE 3RD |
California Oceanliners batting - Pitching for Grafton Middies : RHP Lúcio Sánchez
|
Batting: RHB Ilusuarte Viamonte
|
0-0: Called Strike 0-1: Called Strike 0-2: Ball 1-2: Ball 2-2: Ground out 5-3 (Groundball, 5L)
|
Batting: LHB Alec Pittman
|
0-0: Swinging Strike 0-1: Swinging Strike 0-2: Ball 1-2: Strikes out swinging
|
Batting: LHB Frank Wentworth
|
0-0: Ball 1-0: Ground out U3 (Groundball, 3)
|
Top of the 3rd over - 0 run(s), 0 hit(s), 0 error(s), 0 left on base; California 0 - Grafton 0 |
BOTTOM OF THE 3RD |
Grafton Middies batting - Pitching for California Oceanliners : LHP Alec Pittman
|
Batting: RHB Justin Bingham
|
0-0: Ball 1-0: Swinging Strike 1-1: Ball 2-1: Ball 3-1: Foul Ball, location: 2F 3-2: Fly out, F7 (Flyball, 7LM)
|
Batting: RHB Lúcio Sánchez
|
0-0: Called Strike 0-1: Ball 1-1: Swinging Strike 1-2: Foul Ball, location: 2F 1-2: SINGLE (Groundball, 34)
|
Batting: RHB Raúl Robles
|
0-0: Ball 1-0: Foul Ball, location: 2F 1-1: Ball 2-1: Fly out, F7 (Flyball, 7M)
|
Batting: LHB Min-heui Im
|
0-0: Ball 1-0: Ball 2-0: Foul Ball, location: 2F 2-1: Ground out 6-3 (Groundball, 6)
|
Bottom of the 3rd over - 0 run(s), 1 hit(s), 0 error(s), 1 left on base; California 0 - Grafton 0 |
TOP OF THE 4TH |
California Oceanliners batting - Pitching for Grafton Middies : RHP Lúcio Sánchez
|
Batting: RHB Takeru Sanu
|
0-0: Ball 1-0: Foul Ball, location: 2F 1-1: Called Strike 1-2: Ground out 5-3 (Groundball, 5)
|
Batting: RHB John Downing
|
0-0: SINGLE (Line Drive, 8LS)
|
Batting: LHB Mike Silver
|
0-0: Ball 1-0: Ball 2-0: SINGLE (Groundball, 56D) John Downing to second
|
Batting: LHB Tim Hargrove
|
0-0: Called Strike 0-1: Ball 1-1: Foul Ball, location: 2F 1-2: Foul Ball, location: 2F 1-2: Foul Ball, location: 2F 1-2: Reached on error, E1 (Groundball, 25) John Downing to third Mike Silver to second
|
Batting: RHB Dave King
|
0-0: Called Strike 0-1: Grounds into double play, 4-6-3 (Groundball, 34)
|
Top of the 4th over - 0 run(s), 2 hit(s), 1 error(s), 2 left on base; California 0 - Grafton 0 |
BOTTOM OF THE 4TH |
Grafton Middies batting - Pitching for California Oceanliners : LHP Alec Pittman
|
Batting: LHB Tony Dyer
|
0-0: Ball 1-0: Ball 2-0: Called Strike 2-1: Called Strike 2-2: Strikes out swinging
|
Batting: RHB Iván Vargas
|
0-0: Ball 1-0: Ball 2-0: Fly out, F8 (Flyball, 8LD)
|
Batting: RHB Curt Phillips
|
0-0: Ball 1-0: Ball 2-0: Fly out, F5 (Line Drive, 56)
|
Bottom of the 4th over - 0 run(s), 0 hit(s), 0 error(s), 0 left on base; California 0 - Grafton 0 |
TOP OF THE 5TH |
California Oceanliners batting - Pitching for Grafton Middies : RHP Lúcio Sánchez
|
Batting: LHB Nick Leonard
|
0-0: Called Strike 0-1: Ground out 6-3 (Groundball, 6)
|
Batting: RHB Ilusuarte Viamonte
|
0-0: Ball 1-0: DOUBLE (Flyball, 8LD)
|
Batting: LHB Alec Pittman
|
0-0: Ball 1-0: Ground out 4-3 (Groundball, 34) Ilusuarte Viamonte to third
|
Batting: LHB Frank Wentworth
|
0-0: Ball 1-0: Foul Ball, location: 2F 1-1: Ball Wild Pitch! Ilusuarte Viamonte scores 2-1: Swinging Strike 2-2: Foul Ball, location: 2F 2-2: Ball 3-2: Base on Balls
|
Batting: RHB Takeru Sanu
|
0-0: Ball 1-0: Called Strike 1-1: Called Strike 1-2: Ball 2-2: Foul Ball, location: 2F 2-2: Foul Ball, location: 2F 2-2: Strikes out swinging
|
Top of the 5th over - 1 run(s), 1 hit(s), 0 error(s), 1 left on base; California 1 - Grafton 0 |
BOTTOM OF THE 5TH |
Grafton Middies batting - Pitching for California Oceanliners : LHP Alec Pittman
|
Batting: RHB Nam-sup Yi
|
0-0: Foul Ball, location: 2F 0-1: Foul Ball, location: 2F 0-2: Foul Ball, location: 2F 0-2: Ground out 5-3 (Groundball, 56)
|
Batting: RHB Brent Barlow
|
0-0: Ball 1-0: Ground out 5-3 (Groundball, 56S)
|
Batting: RHB Justin Bingham
|
0-0: Foul Ball, location: 2F 0-1: Called Strike 0-2: Ground out 6-3 (Groundball, 56)
|
Bottom of the 5th over - 0 run(s), 0 hit(s), 0 error(s), 0 left on base; California 1 - Grafton 0 |
TOP OF THE 6TH |
California Oceanliners batting - Pitching for Grafton Middies : RHP Lúcio Sánchez
|
Batting: RHB John Downing
|
0-0: Foul Ball, location: 2F 0-1: Ball 1-1: Ball 2-1: Foul Ball, location: 2F 2-2: Strikes out looking
|
Batting: LHB Mike Silver
|
0-0: Called Strike 0-1: Ball 1-1: Called Strike 1-2: Strikes out looking
|
Batting: LHB Tim Hargrove
|
0-0: Ball 1-0: Called Strike 1-1: Called Strike 1-2: Ground out 4-3 (Groundball, 4)
|
Top of the 6th over - 0 run(s), 0 hit(s), 0 error(s), 0 left on base; California 1 - Grafton 0 |
BOTTOM OF THE 6TH |
Grafton Middies batting - Pitching for California Oceanliners : LHP Alec Pittman
|
Batting: RHB Lúcio Sánchez
|
0-0: Ball 1-0: Foul Ball, location: 2F 1-1: Called Strike 1-2: Strikes out looking
|
Batting: RHB Raúl Robles
|
0-0: Fly out, F8 (Flyball, 8RD)
|
Batting: LHB Min-heui Im
|
0-0: Ball 1-0: Swinging Strike 1-1: Ball 2-1: Foul Ball, location: 2F 2-2: Fly out, F7 (Flyball, 78D)
|
Bottom of the 6th over - 0 run(s), 0 hit(s), 0 error(s), 0 left on base; California 1 - Grafton 0 |
TOP OF THE 7TH |
California Oceanliners batting - Pitching for Grafton Middies : RHP Lúcio Sánchez
|
Batting: RHB Dave King
|
0-0: Called Strike 0-1: Called Strike 0-2: Ball 1-2: Ground out 6-3 (Groundball, 6)
|
Batting: LHB Nick Leonard
|
0-0: Ball 1-0: Foul Ball, location: 2F 1-1: Foul Ball, location: 2F 1-2: Foul Ball, location: 2F 1-2: Ball 2-2: Foul Ball, location: 2F 2-2: Foul Ball, location: 2F 2-2: Ball 3-2: SINGLE (Groundball, 3D)
|
Batting: RHB Ilusuarte Viamonte
|
0-0: Ball 1-0: Foul Ball, location: 2F 1-1: Grounds into double play, 5-4-3 (Groundball, 5)
|
Top of the 7th over - 0 run(s), 1 hit(s), 0 error(s), 0 left on base; California 1 - Grafton 0 |
BOTTOM OF THE 7TH |
Grafton Middies batting - Pitching for California Oceanliners : LHP Alec Pittman
|
Batting: LHB Tony Dyer
|
0-0: Ball 1-0: Ball 2-0: Called Strike 2-1: Foul Ball, location: 2F 2-2: Foul Ball, location: 2F 2-2: Ball 3-2: Ground out 4-3 (Groundball, 4)
|
Batting: RHB Iván Vargas
|
0-0: Swinging Strike 0-1: Ball 1-1: Foul Ball, location: 2F 1-2: Ball 2-2: Ball 3-2: Foul Ball, location: 2F 3-2: Foul Ball, location: 2F 3-2: Strikes out looking
|
Batting: RHB Curt Phillips
|
0-0: Called Strike 0-1: Ball 1-1: Foul Ball, location: 2F 1-2: Strikes out swinging
|
Bottom of the 7th over - 0 run(s), 0 hit(s), 0 error(s), 0 left on base; California 1 - Grafton 0 |
TOP OF THE 8TH |
California Oceanliners batting - Pitching for Grafton Middies : RHP Lúcio Sánchez
|
Pinch Hitting: LHB Cristo Nieto
|
0-0: SINGLE (Groundball, 34)
|
Batting: LHB Frank Wentworth
|
0-0: Called Strike 0-1: Ball 1-1: Called Strike 1-2: Foul Ball, location: 2F 1-2: SINGLE (Groundball, 34) Cristo Nieto to second Runner from 2nd tries for 3rd, SAFE, throw made to third
|
Batting: RHB Takeru Sanu
|
0-0: Ball 1-0: Foul Ball, location: 2F 1-1: Called Strike 1-2: Foul Ball, location: 2F 1-2: Strikes out swinging
|
Batting: RHB John Downing
|
0-0: Foul Ball, location: 2F 0-1: Foul Ball, location: 2F 0-2: Strikes out looking
|
Batting: LHB Mike Silver
|
0-0: Ball 1-0: Called Strike 1-1: DOUBLE (Flyball, 78XD) Cristo Nieto scores Frank Wentworth to third
|
Batting: LHB Tim Hargrove
|
0-0: Ball 1-0: DOUBLE (Flyball, 8RD) Frank Wentworth scores Mike Silver scores
|
Batting: RHB Dave King
|
0-0: Ball 1-0: Foul Ball, location: 2F 1-1: Foul Ball, location: 2F 1-2: Ground out 1-3 (Groundball, 13S)
|
Top of the 8th over - 3 run(s), 4 hit(s), 0 error(s), 1 left on base; California 4 - Grafton 0 |
BOTTOM OF THE 8TH |
Grafton Middies batting - Pitching for California Oceanliners : LHP Alec Pittman
|
Pitching: RHP Ole Kos
|
|
Batting: RHB Nam-sup Yi
|
0-0: Called Strike 0-1: Foul Ball, location: 2F 0-2: Ball 1-2: Foul Ball, location: 2F 1-2: Foul Ball, location: 2F 1-2: Ball 2-2: Strikes out looking
|
Batting: RHB Brent Barlow
|
0-0: Fly out, F7 (Flyball, 7M)
|
Batting: RHB Justin Bingham
|
0-0: Ball 1-0: Ball 2-0: Called Strike 2-1: Foul Ball, location: 2F 2-2: Foul Ball, location: 2F 2-2: Fly out, F8 (Line Drive, 8LM)
|
Bottom of the 8th over - 0 run(s), 0 hit(s), 0 error(s), 0 left on base; California 4 - Grafton 0 |
TOP OF THE 9TH |
California Oceanliners batting - Pitching for Grafton Middies : RHP Lúcio Sánchez
|
Batting: LHB Nick Leonard
|
0-0: Ball 1-0: Ball 2-0: Ball 3-0: Called Strike 3-1: Called Strike 3-2: Foul Ball, location: 2F 3-2: Ground out 1-3 (Groundball, 15)
|
Batting: RHB Ilusuarte Viamonte
|
0-0: Ball 1-0: Foul Ball, location: 2F 1-1: Foul Ball, location: 2F 1-2: Ball 2-2: Strikes out looking
|
Pinch Hitting: LHB Jerry Harris
|
0-0: Swinging Strike 0-1: Ball 1-1: Ground out 6-3 (Groundball, 6)
|
Top of the 9th over - 0 run(s), 0 hit(s), 0 error(s), 0 left on base; California 4 - Grafton 0 |
BOTTOM OF THE 9TH |
Grafton Middies batting - Pitching for California Oceanliners : RHP Ole Kos
|
Pitching: RHP Mike Lyon
|
|
Pinch Hitting: RHB José Peńa
|
0-0: Ball 1-0: Ball 2-0: Ball 3-0: Called Strike 3-1: Fly out, F7 (Flyball, 7M)
|
Batting: RHB Raúl Robles
|
0-0: Swinging Strike 0-1: Fly out, F7 (Flyball, 7D)
|
Batting: LHB Min-heui Im
|
0-0: Foul Ball, location: 2F 0-1: Swinging Strike 0-2: Ball 1-2: Ball 2-2: Fly out, F9 (Flyball, 89D)
|
Bottom of the 9th over - 0 run(s), 0 hit(s), 0 error(s), 0 left on base; California 4 - Grafton 0 |
|